 Dungeon Crawl Stone Soup version 0.30-a0-800-g7c544603b3 (webtiles) character file.

Game seed: 4964478270725054117

6 Demosthentine the Ducker (level 1, -2/16 HPs)
             Began as a Demonspawn Gladiator on Feb 23, 2023.
             Succumbed to a goblin's poison
             ... on level 1 of the Dungeon.
             The game lasted 00:00:13 (271 turns).

Demosthentine the Ducker (Demonspawn Gladiator)      Turns: 271, Time: 00:00:14

Health: -2/16      AC:  4    Str: 14    XL:     1   Next: 75%
Magic:  1/1        EV: 12    Int:  9    God:
Gold:   13         SH:  0    Dex: 14    Spells: 0/0 levels left

rFire   + . .      SeeInvis .    a - +0 trident
rCold   + . .      Faith    .    (no shield)
rNeg    . . .      Spirit   .    b - +0 leather armour
rPois   +          Reflect  .    c - +0 helmet
rElec   +          Harm     .    (no cloak)
rCorr   +          Rampage  .    (no gloves)
Will    .....                    (no boots)
Stlth   +                        (no amulet)
HPRegen 0.22/turn                (no ring)
MPRegen 0.07/turn                (no ring)

@: lethally poisoned (-2 -> -18), resistant
A: no striking features
a: no special abilities


You were on level 1 of the Dungeon.
You visited 1 branch of the dungeon, and saw 1 of its levels.

You collected 13 gold pieces.

Inventory:

Hand Weapons
 a - a +0 trident (weapon)
Missiles
 d - 2 throwing nets (quivered)
 e - a javelin
Armour
 b - a +0 leather armour (worn)
 c - a +0 helmet (worn)
Scrolls
 f - a scroll of identify {unknown}


   Skills:
 + Level 2.1 Fighting
 + Level 2.8 Polearms
 - Level 1.7 Throwing
 + Level 0.3 Armour
 + Level 2.8 Dodging


You couldn't memorise any spells.
You didn't know any spells.
Your spell library was empty.

Dungeon Overview and Level Annotations

Branches:
Dungeon (1/15)

Altars:


Message History

The endoplasm is moderately wounded.
The endoplasm freezes you.
You are frozen.
An endoplasm is nearby!
An endoplasm is nearby!
You hit the endoplasm.
You kill the endoplasm!
A goblin comes into view. It is wielding a +2 dagger of venom.
A bat comes into view.
There are monsters nearby!
You completely miss the goblin. The goblin completely misses you.
The goblin hits you with a +2 dagger of venom.
You are lethally poisoned!
There is a lethal amount of poison in your body!
There is a lethal amount of poison in your body!
You hit the goblin.
The goblin is moderately wounded.
You feel very sick.
The goblin hits you with a +2 dagger of venom.
You are more poisoned.
There is a lethal amount of poison in your body!
You are too injured to fight recklessly!
You are too injured to fight recklessly!
There is a lethal amount of poison in your body!
You are too injured to fight recklessly!
Throw: 3 throwing nets
Press: ? - help, Q - select action, (/) - cycle Shift-Dir - straight line, f - goblin
Aim: a goblin, wielding a +2 dagger of venom (moderately wounded, 51% to hit)
You throw a throwing net.
The throwing net closely misses the goblin.
The throwing net hits the bat.
The bat is caught in the net!
* * * LOW HITPOINT WARNING * * *
You feel very sick.
The bat struggles against the net. x2
The net rips apart, and the bat comes free!
The goblin misses you.
Unknown command.
It was a potion of resistance.
You feel protected.
You die...

### ##.##
##...###### ##
#.........# .#
##...####.# # .#
##.## #.# ..# .#
###.###
#.###..... .#
#.....#
#.@gb..... .###
#.#.#.#
#######.## ...##
#.#.#.# ....#
#.#.# # ###.#
#.#.#.# #.#
#.#.#.# #.#
#.#.#.# #.#
#.....##
###.#####....####


You could see a goblin and a bat.

Vanquished Creatures
  An endoplasm (D:1)
  A hobgoblin (D:1)
  A quokka (D:1)
  2 kobolds (D:1)
  A rat (D:1)
6 creatures vanquished.

Notes
Turn   | Place    | Note
-------+----------+-------------------------------------------
     0 | D:1      | Demosthentine the Demonspawn Gladiator began the quest for
                  | the Orb.
     0 | D:1      | Reached XP level 1. HP: 16/16 MP: 1/1
   271 | D:1      | Succumbed to a goblin's poison

Illustrated notes

Levels and vault maps discovered:
D:1:      evilmike_arrival_rings, layout_loops_corners

Action                     || total
---------------------------++-------
  Melee: Trident           ||    25
  Throw: Throwing net      ||     1
    Use: Potion            ||     1
 Armour: Leather armour    ||     3
  Dodge: Dodged            ||    12

Table legend: (Time is in decaauts)
 A = Elapsed time spent in this place.
 B = Non-inter-level travel time spent in this place.
 C = Inter-level travel time spent in this place.
 D = Time resting spent in this place.
 E = Time spent auto-exploring this place.
 F = Levels seen in this place.
 G = Mean time per level.
                   A        B        C        D        E       F      G
               +--------+--------+--------+--------+--------+-----+--------+
         Total |    275 |    275 |      0 |      0 |    226 |   1 |  275.0 |
       Dungeon |    275 |    275 |      0 |      0 |    226 |   1 |  275.0 |
               +--------+--------+--------+--------+--------+-----+--------+

Top non-repeatable levels by time:
     D:1: 275 daAuts
